 Dungeon Crawl Stone Soup version 0.18.1-6-gd335043 (webtiles) character file.

17915 dorian the Cleaver (level 12, 0/81 HPs)
             Began as a Formicid Abyssal Knight on May 17, 2016.
             Was a High Priest of Lugonu.
             Slain by Snorg (7 damage)
             ... on level 3 of the Lair of Beasts.
             The game lasted 00:36:29 (14864 turns).

dorian the Cleaver (Formicid Abyssal Knight)       Turns: 14864, Time: 00:36:30

Health: 0/81       AC: 26    Str: 26    XL:     12   Next: 88%
Magic:  14/19      EV:  5    Int: 13    God:    Lugonu [*****.]
Gold:   421        SH:  4    Dex: 10    Spells: 0 memorised, 11 levels left

rFire  + . .     SeeInvis +     M - +5 broad axe (flame)
rCold  + . .     Gourm    .     E - +2 gold dragon armour
rNeg   . . .     Faith    .     t - +0 buckler
rPois  +         Spirit   .     (helmet unavailable)
rElec  .         Dismiss  .     l - +1 cloak
rCorr  .         Reflect  .     F - +0 pair of gloves
SustAt .         Harm     .     k - +1 pair of boots
MR     +....     Clarity  +     G - amulet of regeneration
Stlth  ..........               (no ring)
                                (no ring)

@: mighty, drained, somewhat resistant to hostile enchantments, extremely
unstealthy
A: permanent stasis, dig shafts and tunnels, four strong arms, antennae 3,
clarity
a: Dig, Shaft Self, Depart the Abyss, Bend Space, Banish, Corrupt, Enter the
Abyss, Renounce Religion


You were on level 3 of the Lair of Beasts.
You worshipped Lugonu.
Lugonu was extremely pleased with you.
You were hungry.

You visited 2 branches of the dungeon, and saw 15 of its levels.
You visited the Abyss 1 time.

You collected 797 gold pieces.
You spent 376 gold pieces at shops.

Inventory:

Hand Weapons
 q - the +11 long sword "Fywny" {flame, rC+ Str+2 Int-5 Dex+4}
   (You found it on level 2 of the Lair of Beasts)

   It has been specially enchanted to burn those struck by it, causing extra
   injury to most foes and up to half again as much damage against particularly
   susceptible opponents.
   Big, fiery blades are also staple armaments of hydra-hunters.
   It affects your strength (+2).
   It affects your intelligence (-5).
   It affects your dexterity (+4).
   It protects you from cold.
 M - a +5 broad axe of flaming (weapon)
   (You acquired it on level 11 of the Dungeon)
Missiles
 b - 3 tomahawks
 m - 6 javelins (quivered)
Armour
 k - a +1 pair of boots (worn)
   (You found it on level 2 of the Dungeon)
 l - a +1 cloak (worn)
   (You found it on level 1 of the Lair of Beasts)
 t - a +0 buckler (worn)
   (You found it on level 2 of the Lair of Beasts)
 E - a +2 gold dragon armour (worn)
   (You found it on level 6 of the Dungeon)
 F - a +0 pair of gloves (worn)
   (You found it on level 7 of the Dungeon)
Jewellery
 G - an amulet of regeneration (around neck)
   (You took it off an orc wizard on level 7 of the Dungeon)
Wands
 K - a wand of iceblast (8/15)
   (You found it on level 9 of the Dungeon)
Scrolls
 a - 2 scrolls of fog
 d - 3 scrolls of amnesia
 h - 4 scrolls of remove curse
 n - 4 scrolls of fear
 p - a scroll of immolation
 r - 2 scrolls of identify
 s - 4 scrolls of recharging
Potions
 e - 3 potions of cancellation
 f - a potion of curing
 j - 2 potions of brilliance
 o - 2 potions of lignification
 w - a potion of resistance
 A - a potion of cure mutation
 H - 2 potions of degeneration
 J - a potion of mutation
 L - a potion of flight
Miscellaneous
 D - a fan of gales (inert)
   (You found it on level 11 of the Dungeon)
Comestibles
 c - 4 bread rations
 g - 4 fruits
 u - 4 meat rations
 v - a beef jerky
 x - 4 slices of pizza
 Z - 4 chunks of flesh


   Skills:
 - Level 3.2(2.4) Fighting
 + Level 13.8(12.7) Axes
 + Level 12.3(11.3) Armour
 - Level 0.8(0.1) Dodging
 + Level 3.6(2.7) Shields
 - Level 10.4(9.4) Invocations


You had 11 spell levels left.
You didn't know any spells.

Dungeon Overview and Level Annotations

Branches:
Dungeon (12/15)            Temple (0/1) D:5            Lair (3/8) D:8
  Swamp: Lair:3-6    Shoals: Lair:3-6     Snake: Lair:3-6    Spider: Lair:3-6
    Orc: D:9-12

Altars:
Ashenzari
Cheibriados
Dithmenos
Fedhas
Gozag
Kikubaaqudgha
Makhleb
Nemelex Xobeh
Okawaru
Ru
Sif Muna
Xom
The Shining One

Shops:
D:7 (}?:   D:10 :%:*

Annotations:
D:3 PeterLawrence's ghost, amateur MiFi
Lair:3 Snorg
Abyss:1 Erica; Grinder


Innate Abilities, Weirdness & Mutations

You are under a permanent stasis effect.
You can dig through walls and to a lower floor.
Your four strong arms can wield two-handed weapons with a shield.
You have a pair of large antennae on your head (SInv).
You possess an exceptional clarity of mind.


Message History

You block Maud's attack.
You slice Maud!! You burn Maud.
Maud is almost dead.
Maud hits you with a long sword of draining.
* * * LOW HITPOINT WARNING * * *
You feel drained.
Your gold dragon armour prevents you from hitting Maud.
Maud is almost dead.
Maud hits you with a long sword of draining!
* * * LOW HITPOINT WARNING * * *
You feel drained.
* * * LOW HITPOINT WARNING * * *
You slice Maud!! You burn Maud.
You kill Maud!
Lugonu accepts your kill.
Your base Shields skill increases to level 3!
Your gold dragon armour prevents you from hitting Snorg.
Snorg bites you but does no damage. Snorg claws you!
* * * LOW HITPOINT WARNING * * *
Snorg claws you but does no damage.
Drink which item? (? for menu, Esc to quit)
You feel much better. You block Snorg's attack.
Snorg claws you but does no damage. Snorg barely misses you.
You slice Snorg!! You burn Snorg.
Snorg is moderately wounded.
Snorg goes berserk!
You slice Snorg!! You burn Snorg.
Snorg is heavily wounded.
Snorg bites you but does no damage. Snorg claws you but does no damage.
You block Snorg's attack. Snorg barely misses you.
Snorg claws you but does no damage. x2
You slice Snorg!! You burn Snorg.
Snorg is heavily wounded.
Snorg bites you!
* * * LOW HITPOINT WARNING * * *
Snorg claws you.
* * * LOW HITPOINT WARNING * * *
Snorg barely misses you.
You slash Snorg! You burn Snorg.
Snorg is severely wounded.
Snorg barely misses you. Snorg claws you but does no damage. Snorg claws you.
* * * LOW HITPOINT WARNING * * *
You slice Snorg!! You burn Snorg!
Snorg is almost dead.
Snorg bites you.
* * * LOW HITPOINT WARNING * * *
Snorg claws you!
* * * LOW HITPOINT WARNING * * *
Snorg claws you!
You die...

#...#....#P....# #.#.#..##...#..
#........##....#.##.#≈###.##..#..
#....#.####....#.##≈#≈####.#.##..
....###........#.##≈#≈≈###.#..###
#..............#.##≈#.#≈##.#.P##P
#.....<........#.##≈#_#≈##.#.....
#..............#.##≈#.#≈##.#.....
#..............#T###≈≈#≈##.#.....
...............#@####≈#≈##.#.....
#....P.........##.###≈#.##.#.....
#..##PP..#P....###..#.#.#........
#..##.P..#.....#####..#.#........
#....#.....##..##..##.....###
#.....#....#....#.##......##.
......#.....#...#.#......##..
...##....#....#.#......##.. ..
#.....##.............#..


You could see Snorg (berserk).

Vanquished Creatures
  Maud (Lair:3)
  2 hill giants (D:11)
  Pikel (D:6)
  An ugly thing (D:12)
  A manticore (D:11)
  2 torpor snails (Lair:3)
  A gargoyle (D:11)
  3 spiny frogs
  2 komodo dragons
  7 blink frogs
  9 yaks
  5 hippogriffs
  A vampire (D:9)
  A hungry ghost (D:11)
  4 water moccasins
  2 porcupines
  Duvessa (D:6)
  A black bear (D:8)
  3 orc warriors
  3 ice beasts
  A phantom (D:11)
  5 sky beasts
  4 ogres
  A centaur (D:5)
  A necrophage (D:8)
  6 wolves (Lair:1)
  6 crocodiles
  7 giant frogs
  A gnoll sergeant (D:5)
  Dowan (D:6)
  3 scorpions
  4 wights (D:11)
  8 killer bees
  3 howler monkeys
  6 crimson imps
  4 quasits
  4 centaur zombies
  A giant frog zombie (D:10)
  A jelly (D:7)
  18 orc wizards
  9 orc priests
  A giant frog skeleton (D:9)
  5 iguanas
  4 worker ants
  6 sheep (Lair:1)
  A killer bee zombie (D:7)
  A hound skeleton (D:9)
  A howler monkey zombie (D:7)
  10 gnolls
  10 adders
  19 river rats (Lair:1)
  4 shadow imps
  An adder zombie (D:9)
  3 adder skeletons
  3 worms
  4 dart slugs
  4 giant geckos
  43 orcs
  8 giant cockroaches
  8 goblins
  3 hobgoblins
  18 jackals
  3 kobolds
  A quokka (D:8)
  13 bats
  A giant gecko skeleton (D:7)
  5 giant newts
  A quokka zombie (D:5)
  8 rats
334 creatures vanquished.

Vanquished Creatures (others)
  A hill giant (D:11)
  A cyclops (D:11)
  A blink frog (Lair:1)
  A wraith (D:11)
  2 hungry ghosts (D:9)
  A wasp (D:8)
  An ogre (D:4)
  2 centaurs (D:8)
  A crocodile (Lair:1)
  A crimson imp (D:6)
  An orc priest (D:8)
  A giant gecko (D:6)
  An orc (D:6)
  A bush (D:5)
  A fungus (Lair:3)
17 creatures vanquished.

Grand Total: 351 creatures vanquished

Notes
Turn   | Place    | Note
--------------------------------------------------------------
     0 | Abyss:1  | dorian the Formicid Abyssal Knight began the quest for the Orb.
     0 | Abyss:1  | Reached XP level 1. HP: 18/18 MP: 2/2
    12 | D:1      | Escaped the Abyss
    96 | D:1      | HP: 9/18 [rat (2)]
   275 | D:1      | Reached XP level 2. HP: 24/24 MP: 3/3
   620 | D:1      | Reached skill level 3 in Invocations
   623 | D:1      | Reached ** piety under Lugonu
   770 | D:2      | Reached XP level 3. HP: 29/29 MP: 5/5
   932 | D:2      | HP: 13/29 [adder (4)]
   938 | D:2      | HP: 9/29 [poisoned by an adder]
   945 | D:2      | HP: 7/29 [poisoned by an adder]
   952 | D:2      | HP: 6/29 [poisoned by an adder]
   960 | D:2      | HP: 4/29 [poisoned by an adder]
  1255 | D:2      | Reached skill level 3 in Axes
  1504 | D:2      | Reached XP level 4. HP: 31/35 MP: 6/6
  1760 | D:2      | Found a shattered altar of Ashenzari.
  1873 | D:2      | Reached skill level 4 in Invocations
  2083 | D:3      | Noticed PeterLawrence's ghost (amateur MiFi)
  2115 | D:3      | HP: 17/35 [PeterLawrence's ghost (14)]
  2344 | D:3      | Reached XP level 5. HP: 31/41 MP: 8/8
  2710 | D:4      | HP: 19/41 [orc/club (3)]
  2715 | D:3      | Reached *** piety under Lugonu
  2937 | D:3      | PeterLawrence's ghost turns its malevolent gaze towards you.
  2962 | D:3      | Reached skill level 4 in Axes
  3048 | D:3      | Reached skill level 5 in Invocations
  3396 | D:3      | Reached XP level 6. HP: 42/47 MP: 9/9
  3744 | D:4      | Noticed an ogre
  3751 | D:4      | Banished an ogre
  3990 | D:4      | Reached skill level 5 in Axes
  3990 | D:4      | Reached skill level 6 in Invocations
  3990 | D:4      | Reached XP level 7. HP: 38/52 MP: 11/11
  4154 | D:4      | Got a spiked chain mail
  4165 | D:4      | Identified the +5 chain mail "Bunovvoh" {MR++ Stlth+} (You found it on level 4 of the Dungeon)
  4542 | D:4      | Found an ancient bone altar of Kikubaaqudgha.
  4545 | D:4      | Found a blossoming altar of Fedhas.
  4580 | D:4      | Found a snail-covered altar of Cheibriados.
  4628 | D:4      | HP: 25/52 [ogre/giant club (3)]
  4790 | D:5      | Entered Level 5 of the Dungeon
  4808 | D:5      | Reached skill level 7 in Invocations
  4889 | D:5      | Reached **** piety under Lugonu
  5023 | D:5      | Found an opulent altar of Gozag.
  5075 | D:5      | Reached XP level 8. HP: 51/58 MP: 13/13
  5136 | D:5      | Reached skill level 6 in Axes
  5172 | D:5      | Found a staircase to the Ecumenical Temple.
  5188 | D:5      | HP: 27/58 [ice beast (9)]
  5189 | D:5      | Reached skill level 8 in Invocations
  5388 | D:5      | Gained mutation: You possess an exceptional clarity of mind. [mutagenic meat]
  5735 | D:5      | Reached skill level 7 in Axes
  6126 | D:6      | Found an iron altar of Okawaru.
  6135 | D:6      | Reached skill level 9 in Invocations
  6301 | D:6      | Reached XP level 9. HP: 64/64 MP: 15/15
  6312 | D:6      | Noticed Duvessa
  6313 | D:6      | Noticed Dowan
  6320 | D:6      | Killed Duvessa
  6327 | D:6      | Killed Dowan
  6327 | D:6      | Reached skill level 8 in Axes
  6392 | D:6      | Noticed Grinder
  6393 | D:6      | Banished Grinder
  6399 | D:6      | Found a deep blue altar of Sif Muna.
  6448 | D:6      | Found a sparkling altar of Nemelex Xobeh.
  6449 | D:6      | Noticed Pikel
  6479 | D:6      | HP: 31/64 [Pikel/whip of electrocution (13)]
  6481 | D:6      | Killed Pikel
  6481 | D:6      | Reached skill level 10 in Invocations
  6743 | D:6      | Found a burning altar of Makhleb.
  6765 | D:6      | Found a shattered altar of Ashenzari.
  6872 | D:6      | Reached skill level 9 in Axes
  6887 | D:6      | Reached skill level 3 in Armour
  6892 | D:6      | HP: 31/64 [yak (5)]
  7561 | D:7      | Reached skill level 4 in Armour
  7564 | D:7      | Reached XP level 10. HP: 70/70 MP: 17/17
  7754 | D:7      | Found Ruuney's Book Boutique.
  7885 | D:7      | Found a glowing golden altar of the Shining One.
  8093 | D:7      | Found Umanlul's Magic Scroll Shoppe.
  8099 | D:7      | Bought a scroll of enchant armour for 82 gold pieces
  8099 | D:7      | Bought a scroll of enchant weapon for 82 gold pieces
  8130 | D:7      | Found Uvauhydu's Gadget Shop.
  8162 | D:7      | Found a sacrificial altar of Ru.
  8165 | D:7      | Found a shadowy altar of Dithmenos.
  8269 | D:7      | Reached ***** piety under Lugonu
  8322 | D:7      | Reached skill level 5 in Armour
  8392 | D:7      | Found Ifias's Antique Weapon Boutique.
  8606 | D:8      | Noticed Erica
  8610 | D:8      | Banished Erica
  8610 | D:8      | Reached skill level 10 in Axes
  8610 | D:8      | Reached skill level 6 in Armour
  8716 | D:7      | Bought a translucent war axe for 212 gold pieces
  8716 | D:7      | Identified the +2 war axe "Asiutt" {pain, Str-4 Int+6} (You bought it in a shop on level 7 of the Dungeon)
  9378 | D:8      | Found a staircase to the Lair.
  9631 | D:8      | Found a shimmering altar of Xom.
  9892 | D:9      | Reached skill level 7 in Armour
 10124 | D:9      | Identified a book of Power
 10614 | D:9      | Reached skill level 11 in Axes
 10891 | D:10     | Entered Level 10 of the Dungeon
 10918 | D:10     | Reached skill level 8 in Armour
 10918 | D:10     | Reached XP level 11. HP: 45/75 MP: 18/18
 11234 | D:10     | Found Lacilec's Book Boutique.
 11293 | D:10     | Found Adepuyhy's Book Boutique.
 11355 | D:10     | Found Dimon's Food Shop.
 11360 | D:10     | Identified a book of Maledictions
 11483 | D:10     | Found Cexastrae's General Store.
 11652 | D:10     | Found a snail-covered altar of Cheibriados.
 11874 | D:11     | Reached skill level 9 in Armour
 11882 | D:11     | Noticed a cyclops
 11883 | D:11     | Banished a cyclops
 12122 | D:11     | Noticed a hill giant
 12130 | D:11     | Killed a hill giant
 12130 | D:11     | Reached skill level 12 in Axes
 12158 | D:11     | Noticed a hill giant
 12160 | D:11     | Banished a hill giant
 12304 | D:11     | Identified a scroll of acquirement
 12353 | D:11     | Noticed a manticore
 12378 | D:11     | Killed a manticore
 12378 | D:11     | Reached skill level 10 in Armour
 12392 | D:11     | Identified a book of Fire
 12402 | D:11     | Noticed a hill giant
 12411 | D:11     | Killed a hill giant
 12628 | D:12     | Noticed a brown ugly thing
 12647 | D:12     | HP: 29/75 [acid (10)]
 12650 | D:12     | Killed a brown ugly thing
 12854 | Lair:1   | Entered Level 1 of the Lair of Beasts
 12874 | Lair:1   | HP: 30/75 [yak (10)]
 12886 | Lair:1   | HP: 30/75 [wolf (7)]
 12894 | Lair:1   | HP: 30/75 [porcupine's spines (5)]
 12902 | Lair:1   | HP: 20/75 [wolf (4)]
 12911 | Lair:1   | HP: 24/75 [wolf (1)]
 12914 | Lair:1   | Reached XP level 12. HP: 24/81 MP: 19/19
 12919 | Lair:1   | HP: 22/81 [wolf (3)]
 12925 | Lair:1   | HP: 11/81 [blink frog (4)]
 12930 | Lair:1   | HP: 13/81 [blink frog (6)]
 13062 | Lair:1   | Reached skill level 11 in Armour
 13153 | Lair:1   | Reached skill level 13 in Axes
 13796 | Lair:2   | Identified a book of Dreams
 13851 | Lair:2   | Got a transparent long sword
 13852 | Lair:2   | Identified the +11 long sword "Fywny" {flame, rC+ Str+2 Int-5 Dex+4} (You found it on level 2 of the Lair of Beasts)
 14478 | Lair:3   | Reached skill level 12 in Armour
 14478 | Lair:3   | Reached skill level 1 in Shields
 14730 | Lair:3   | Reached skill level 2 in Shields
 14795 | Lair:3   | Found a snail-covered altar of Cheibriados.
 14840 | Lair:3   | Noticed Maud
 14844 | Lair:3   | Noticed Snorg
 14853 | Lair:3   | HP: 37/81 [Maud/long sword of draining (7)]
 14857 | Lair:3   | Killed Maud
 14857 | Lair:3   | Reached skill level 3 in Shields
 14858 | Lair:3   | HP: 22/81 [Snorg (8)]
 14863 | Lair:3   | HP: 20/81 [Snorg (3)]
 14864 | Lair:3   | HP: 7/81 [Snorg (9)]
 14864 | Lair:3   | Slain by Snorg

Skill      XL: |  1  2  3  4  5  6  7  8  9 10 11 12 |
---------------+-------------------------------------+-----
Invocations    | 3 4 5 6 7 9 10 | 10.4
Axes           | 3 4 5 7 9 11 12 13 | 13.8
Armour         | 4 8 10 12 | 12.3
Shields        | 3 |  3.6
Fighting       | |  3.2
Dodging        | |  0.8

Action                   |  1- 3 |  4- 6 |  7- 9 | 10-12 || total
-------------------------+-------+-------+-------+-------++-------
Melee: Hand axe          |   107 |   204 |    63 |       ||   374
       Flail             |       |       |   341 |   703 ||  1044
       Broad axe         |       |       |       |   372 ||   372
       Battleaxe         |       |       |       |    21 ||    21
Throw: Javelin           |       |       |     1 |       ||     1
Invok: Banish            |       |     1 |     1 |    17 ||    19
 Abil: Dig               |       |       |     1 |    11 ||    12
Evoke: Wand              |       |       |       |     3 ||     3
       Fan of gales      |       |       |       |     1 ||     1
  Use: Scroll            |       |       |    12 |    24 ||    36
       Potion            |       |       |       |     5 ||     5
  Eat: Chunk             |     2 |     8 |    14 |    22 ||    46
       Royal jelly       |       |       |       |     2 ||     2
       Meat ration       |       |       |       |     1 ||     1
       Beef jerky        |       |       |       |     1 ||     1
       Fruit             |       |       |       |     5 ||     5
       Bread ration      |       |       |       |     2 ||     2
Armor: Leather armour    |    42 |    28 |       |       ||    70
       Chain mail        |       |   117 |   235 |    82 ||   434
       Gold dragon armou |       |       |   264 |   889 ||  1153
Dodge: Dodged            |    76 |   100 |   164 |   240 ||   580
Block: Buckler           |       |       |       |    11 ||    11
